 Dungeon Crawl Stone Soup version 0.19.5 (webtiles) character file.

67 McKennaii the Firebug (level 3, -7/19 HPs)
             Began as a Deep Elf Fire Elementalist on May 8, 2017.
             Killed by nerve-wracking pain
             ... invoked by a shadow imp
              (14 damage)
             ... on level 3 of the Dungeon.
             The game lasted 00:02:32 (1436 turns).

McKennaii the Firebug (Deep Elf Fire Elementalist)  Turns: 1436, Time: 00:02:32

Health: -7/19      AC:  2    Str:  5    XL:     3   Next: 98%
Magic:  2/10       EV: 13    Int: 22    God:
Gold:   105        SH:  0    Dex: 15    Spells: 3 memorised, 3 levels left

rFire  . . .     SeeInvis .     (no weapon)
rCold  . . .     Gourm    .     a - +0 robe
rNeg   . . .     Faith    .     (no shield)
rPois  .         Spirit   .     (no helmet)
rElec  .         Reflect  .     (no cloak)
rCorr  .         Harm     .     (no gloves)
MR     .....                    (no boots)
Stlth  ++........               (no amulet)
                                n - ring of flight
                                f - +2 ring of intelligence

@: very slightly contaminated
A: no striking features
a: Evoke Flight


You were on level 3 of the Dungeon.
You were very hungry.

You visited 1 branch of the dungeon, and saw 3 of its levels.

You collected 105 gold pieces.

Inventory:

Armour
 a - a +0 robe (worn)
Jewellery
 f - a +2 ring of intelligence (left hand)
 n - a ring of flight (right hand)
Scrolls
 d - a scroll of fear {unknown}
 e - 3 scrolls of amnesia {unknown}
 g - a scroll of identify {unknown}
 h - 2 scrolls of immolation {unknown}
 k - a scroll of recharging {unknown}
 p - a scroll of remove curse {unknown}
Potions
 i - a potion of cure mutation {unknown}
 j - a potion of ambrosia {unknown}
 l - 3 potions of curing {unknown}
 m - a potion of resistance {unknown}
 o - a potion of mutation {unknown}
 q - a potion of flight {unknown}
 r - a potion of heal wounds {unknown}
Books
 b - a book of Flames

   Spells                             Type                      Level
   a - Flame Tongue                   Conjuration/Fire             1
   b - Throw Flame                    Conjuration/Fire             2
   c - Conjure Flame                  Conjuration/Fire             3
   d - Inner Flame                    Hexes/Fire                   3
   e - Sticky Flame                   Conjuration/Fire             4
   f - Fireball                       Conjuration/Fire             5
Comestibles
 c - 3 bread rations
 s - a meat ration


   Skills:
 + Level 0.1 Fighting
 + Level 2.8 Dodging
 + Level 2.9 Stealth
 + Level 3.8 Spellcasting
 + Level 1.8 Conjurations
 + Level 4.1 Fire Magic


You had 3 spell levels left.
You knew the following spells:

 Your Spells              Type           Power        Failure   Level  Hunger
a - Flame Tongue          Conj/Fire      ###..        4%          1    None
b - Throw Flame           Conj/Fire      ###...       8%          2    #......
c - Conjure Flame         Conj/Fire      ###.....     12%         3    ###....


Dungeon Overview and Level Annotations

Branches:
Dungeon (3/15)

Altars:
Elyvilon
Yredelemnul


Message History

Pain shoots through your body!
Casting: Flame Tongue
Confirm with . or Enter, or press ? or * to list all spells.
Aiming: Flame Tongue
Press: ? - help, Shift-Dir - straight line, f - shadow imp
Aim: a shadow imp (almost dead)
The flame tongue hits the shadow imp.
The shadow imp appears unharmed.
The shadow imp is almost dead.
The bat hits you.
The shadow imp hits you but does no damage.
Casting: Flame Tongue
Confirm with . or Enter, or press ? or * to list all spells.
Aiming: Flame Tongue
Press: ? - help, Shift-Dir - straight line, f/p - shadow imp
Aim: a shadow imp (almost dead)
The flame tongue misses the shadow imp.
The bat hits you but does no damage. The shadow imp gestures at you.
Pain shoots through your body!
Ouch! That really hurt!
You die...

..... # ........#......
.....## ........#.....>
#..... ..............
#..... ............. .#
#..... ...........# #.#
#..... ...........#
#.####.†...
.......†...###..........
#.5@................
........................
.......b.##.............
.>.....#.##............#
.........##............#
.......####............#
....... #............#
....... #######.......
#.#.....


You could see a shadow imp and a bat.

Vanquished Creatures
  An adder (D:3)
  An ooze (D:1)
  A worm (D:2)
  A dart slug (D:1)
  4 giant cockroaches
  7 goblins
  5 hobgoblins
  8 jackals (D:2)
  3 kobolds
  A ball python (D:1)
  4 bats
  A frilled lizard (D:2)
  9 rats
46 creatures vanquished.

Notes
Turn   | Place    | Note
-------+----------+-------------------------------------------
     0 | D:1      | McKennaii the Deep Elf Fire Elementalist began the quest for the Orb.
     0 | D:1      | Reached XP level 1. HP: 10/10 MP: 6/6
   138 | D:1      | Reached XP level 2. HP: 12/15 MP: 2/8
   474 | D:1      | Reached XP level 3. HP: 19/19 MP: 7/9
   478 | D:1      | Learned a level 2 spell: Throw Flame
   482 | D:1      | Learned a level 3 spell: Conjure Flame
   526 | D:1      | Reached skill level 4 in Fire Magic
   900 | D:2      | Found a white marble altar of Elyvilon.
   988 | D:2      | Found a faded altar of an unknown god.
  1231 | D:2      | Found a basalt altar of Yredelemnul.
  1436 | D:3      | Killed from afar by a shadow imp

Skill      XL: |  1  2  3 |
---------------+----------+-----
Fire Magic     | 4 |  4.1
Fighting       | |  0.1
Dodging        | |  2.8
Stealth        | |  2.9
Spellcasting   | |  3.8
Conjurations   | |  1.8

Action                   || total
-------------------------++-------
Melee: Unarmed           ||     2
 Cast: Flame Tongue      ||    79
Armor: Robe              ||     8
Dodge: Dodged            ||    20
